 Dungeon Crawl Stone Soup version 0.21.1-72-gffa868e0fe (webtiles) character file.

331 SacredBeard the Skirmisher (level 6, 0/50 HPs)
             Began as a Human Fighter on Aug 3, 2018.
             Slain by an ogre
             ... wielding a +0 giant club
              (17 damage)
             ... on level 4 of the Dungeon.
             The game lasted 00:16:41 (4437 turns).

SacredBeard the Skirmisher (Human Fighter)          Turns: 4437, Time: 00:16:42

Health: 0/50       AC: 14    Str: 18    XL:     6   Next: 81%
Magic:  6/6        EV:  4    Int:  8    God:
Gold:   119        SH:  9    Dex: 15    Spells: 5/5 levels left

rFire    . . .     SeeInvis .   k - +0 whip
rCold    . . .     Gourm    .   p - +0 shield
rNeg     . . .     Faith    .   u - +1 plate armour
rPois    .         Spirit   .   c - +0 helmet
rElec    .         Reflect  .   (no cloak)
rCorr    .         Harm     .   (no gloves)
MR       .....                  a - +0 pair of boots
Stlth    ..........             t - amulet of inaccuracy (curse)
HPRegen  0.16/turn              l - +2 ring of strength
MPRegen  0.10/turn              (no ring)

@: no status effects
A: no striking features
a: no special abilities


You were on level 4 of the Dungeon.
You were not hungry.

You visited 1 branch of the dungeon, and saw 4 of its levels.

You collected 119 gold pieces.

Inventory:

Hand Weapons
 k - a +0 whip (weapon)
 r - a +0 flail
Armour
 a - a +0 pair of boots (worn)
 c - a +0 helmet (worn)
 p - a +0 shield (worn)
 u - a +1 plate armour (worn)
Jewellery
 l - a +2 ring of strength (left hand)
 t - a cursed amulet of inaccuracy (around neck)
Wands
 n - a wand of flame (55)
Scrolls
 e - a scroll of magic mapping
 j - a scroll of enchant armour
 o - a scroll of fear
Potions
 i - 3 potions of curing
 s - a potion of heal wounds
Comestibles
 b - 8 chunks of flesh
 f - 10 rations


   Skills:
 * Level 4.8 Fighting
 + Level 4.5 Maces & Flails
 - Level 3.0 Armour
 * Level 2.7 Dodging
 - Level 3.0 Shields


You had 5 spell levels left.
You didn't know any spells.

Dungeon Overview and Level Annotations

Branches:
Dungeon (4/15)
 Temple: D:4-7

Altars:
Elyvilon
The Shining One

Shops:
D:4 *


Message History

The ogre is heavily wounded.
The ogre hits you with a giant club.
A worker ant comes into view.
You hit the ogre.
The ogre is heavily wounded.
Your shield and plate armour prevent you from hitting the ogre.
The ogre is heavily wounded.
The ogre hits you with a giant club.
Your shield and plate armour prevent you from hitting the ogre.
The ogre is heavily wounded.
You block the ogre's attack.
You hit the ogre.
The ogre is heavily wounded.
The ogre hits you with a giant club!
You hit the ogre.
The ogre is severely wounded.
You hit the ogre.
The ogre is severely wounded.
The ogre hits you with a giant club!
You die...

#. ... #O# .... #.#
....###.# .........
......#.#
........##########
........aO@.......
..###...###############
.......#.# #####.......
##.###...####.)....#
.............###..#
#######......#
#..###### ######.#
#.>...... . #.#
#.####### # #.# #.....#


You could see an ogre and a worker ant.

Vanquished Creatures
  A hound (D:4)
  2 orc priests
  Jessica (D:2)
  2 iguanas (D:4)
  5 adders
  A gnoll (D:1)
  An ooze (D:2)
  3 worms (D:2)
  5 dart slugs
  2 leopard geckos
  8 orcs
  7 goblins
  7 hobgoblins
  8 jackals (D:1)
  A quokka (D:2)
  10 bats
  5 frilled lizards
  9 kobolds
  9 rats
87 creatures vanquished.

Notes
Turn   | Place    | Note
-------+----------+-------------------------------------------
     0 | D:1      | SacredBeard the Human Fighter began the quest for the Orb.
     0 | D:1      | Reached XP level 1. HP: 18/18 MP: 1/1
   107 | D:1      | Reached XP level 2. HP: 22/24 MP: 2/2
   460 | D:1      | Reached XP level 3. HP: 29/29 MP: 3/3
   463 | D:1      | Reached skill level 1 in Dodging
  1101 | D:1      | Reached XP level 4. HP: 24/37 MP: 4/4
  2021 | D:2      | Reached XP level 5. HP: 38/42 MP: 5/5
  2101 | D:2      | Found a white marble altar of Elyvilon.
  2108 | D:2      | Noticed Jessica
  2123 | D:2      | Killed Jessica
  2638 | D:3      | Found a faded altar of an unknown god.
  2740 | D:3      | Reached XP level 6. HP: 7/49 MP: 6/6
  3046 | D:3      | Found a glowing golden altar of the Shining One.
  4127 | D:4      | Found Fomenla's Assorted Antiques.
  4420 | D:4      | Noticed an ogre
  4437 | D:4      | Slain by an ogre

Skill      XL: |  1  2  3  4  5  6 |
---------------+-------------------+-----
Dodging        | 1 2 |  2.7
Fighting       | 4 |  4.8
Maces & Flails | 3 4 |  4.5
Armour         | |  3.0
Shields        | |  3.0

Action                   |  1- 3 |  4- 6 || total
-------------------------+-------+-------++-------
Melee: Flail             |   102 |       ||   102
       Whip              |    54 |   357 ||   411
  Use: Potion            |       |     4 ||     4
       Scroll            |       |    10 ||    10
  Eat: Chunk             |     1 |    11 ||    12
Armor: Scale mail        |    79 |    64 ||   143
       Plate armour      |       |    49 ||    49
       Skin              |       |    12 ||    12
Dodge: Dodged            |    71 |    52 ||   123
Block: Shield            |    78 |   119 ||   197
